 Dungeon Crawl Stone Soup version 0.22.1-2-g9c5b331 (webtiles) character file.

2987 Yuikono the Cleaver (level 9, -7/79 HPs)
             Began as a Hill Orc Monk on Dec 10, 2018.
             Was a Believer of Beogh.
             Splashed by Pikel's acid (11 damage)
             ... on level 7 of the Dungeon.
             The game lasted 00:27:46 (10681 turns).

Yuikono the Cleaver (Hill Orc Monk)                Turns: 10681, Time: 00:27:47

Health: -7/79      AC:  9    Str: 17    XL:     9   Next: 83%
Magic:  13/13      EV: 10    Int: 10    God:    Beogh [**....]
Gold:   239        SH:  0    Dex: 13    Spells: 14/14 levels left

rFire    . . .     SeeInvis .   a - +0 hand axe
rCold    . . .     Gourm    .   (no shield)
rNeg     . . .     Faith    .   D - +0 scale mail
rPois    +         Spirit   .   A - +0 helmet
rElec    .         Reflect  .   (no cloak)
rCorr    .         Harm     .   n - +0 pair of gloves
MR       +....                  t - +2 pair of boots {Stlth+}
Stlth    +.........             (no amulet)
HPRegen  0.23/turn              m - ring of protection from magic
MPRegen  0.13/turn              i - ring of poison resistance

@: about to teleport, corroded, studying Spellcasting
A: no striking features
a: Smiting, Renounce Religion


You were on level 7 of the Dungeon.
You worshipped Beogh.
Beogh was pleased with you.
You were not hungry.

You visited 1 branch of the dungeon, and saw 8 of its levels.
You also visited: Sewer.

You collected 509 gold pieces.
You spent 270 gold pieces at shops.

Inventory:

Hand Weapons
 a - a +0 hand axe (weapon)
 p - a +2 mace of venom
 F - a +0 mace of protection
 J - a +1 spear of venom
Missiles
 d - 302 stones (quivered)
 g - 6 tomahawks
 s - 187 arrows
Armour
 n - a +0 pair of gloves (worn)
 t - a +2 pair of boots of stealth (worn)
 A - a +0 helmet (worn)
 D - a +0 scale mail (worn)
Jewellery
 i - a ring of poison resistance (right hand)
 j - an uncursed ring of protection from cold
 m - a ring of protection from magic (left hand)
 u - an uncursed ring of protection from fire
 y - an uncursed ring of protection from cold
 B - an uncursed ring of fire
 K - an uncursed ring of protection from fire
Wands
 b - a wand of paralysis (26)
Scrolls
 h - a scroll of enchant armour {unknown}
 l - a scroll of magic mapping
 o - 2 scrolls of teleportation
 v - 3 scrolls of enchant weapon
 w - 6 scrolls of remove curse
 x - 2 scrolls of amnesia
Potions
 e - 3 potions of mutation
 f - 2 potions of resistance
 q - a potion of agility {unknown}
 r - a potion of haste
 C - a potion of brilliance
 L - 2 potions of flight
Books
 I - a manual of Spellcasting
Comestibles
 c - 13 rations


   Skills:
 - Level 7.5 Fighting
 + Level 12.2 Axes
 - Level 7.2 Armour
 - Level 2.4 Dodging
 - Level 1.5 Stealth
 - Level 3.3 Spellcasting
 + Level 3.4 Invocations


You had 14 spell levels left.
You didn't know any spells.
Your spell library contained the following spells:

 Spells                   Type           Power        Failure   Level  Hunger
 Animate Skeleton         Necr           N/A          63%         1    #......
 Pain                     Necr           #...         63%         1    #......
 Regeneration             Chrm/Necr      #.........   94%         3    ###....
 Vampiric Draining        Necr           #.........   94%         3    ###....
 Animate Dead             Necr           N/A          100%        4    #####..


Dungeon Overview and Level Annotations

Branches:
Dungeon (8/15)             Temple (0/1) D:4
   Lair: D:8-11

Altars:
Ashenzari
Cheibriados
Gozag
Kikubaaqudgha
Ru
Sif Muna
Uskayaw
Wu Jian
Yredelemnul
Zin
The Shining One

Shops:
D:5 *

Annotations:
D:6 exclusion: door
D:7 Pikel


Message History

You completely miss the slave. You hit Pikel.
The slave hits you but does no damage. The slave hits you.
You hit the slave but do no damage.
The slave is almost dead.
You hit the slave but do no damage. You hit Pikel.
Pikel hits you with a whip of freezing.
* * * LOW HITPOINT WARNING * * *
Pikel freezes you.
* * * LOW HITPOINT WARNING * * *
The slave hits you.
* * * LOW HITPOINT WARNING * * *
Unknown command.
Okay, then.
Okay, then.
As you read the scroll of teleportation, it crumbles to dust.
You feel strangely unstable. The slave hits you but does no damage.
Pikel zaps a wand.
The bolt of acid hits you!
* * * LOW HITPOINT WARNING * * *
You are splashed with acid!
The acid burns!
You die...

## ##.#
#......#.......#.#. .#
#.# #........#.#.#.#.#.
.####.#
#..........#...#.#.
....#.#
#........#.#####.#.
......##
##.###.#.#.......#.
.......# #.#
#.#.#########. .....#.##
#.# #.#.#.........
.....#..########p#
#.#.#.########
..............pK@#
#.#.#.#.......
##...##.########p#
#.#.#.#.#####. #...##.##
#.###.#.#.#......#
#...##..#
#####.....#.#.#.####.#
########.#
#...#.....#.#.#......#
....# #.#
#...#.....#.#.#.######
....#
#.###...#.###.#.#.......#
....# #..##...#.#
#.#.###.###.#
....#####.##...#.#
#.#.....# #.#


You could see Pikel and 3 slaves.

Vanquished Creatures
  Prince Ribbit (D:7)
  A hungry ghost (D:7)
  3 sky beasts
  2 phantoms (D:6)
  3 ogres
  4 centaurs
  2 bullfrogs
  A wyvern zombie (D:6)
  A scorpion (D:6)
  10 killer bees (D:7)
  A howler monkey (D:4)
  2 crimson imps
  A centaur zombie (D:7)
  4 hounds
  2 jellies (D:6)
  A centaur skeleton (D:4)
  5 iguanas
  An orc wizard (D:7)
  5 worker ants
  2 hound skeletons
  A worker ant zombie (D:7)
  Robin (D:2)
  A gnoll (D:1)
  A river rat (D:4)
  11 adders
  4 shadow imps
  An ooze (D:3)
  2 adder skeletons
  6 worms
  2 dart slugs
  9 leopard geckos
  4 orcs
  8 giant cockroaches
  16 goblins
  11 hobgoblins
  4 jackals
  9 kobolds
  2 quokkas (D:2)
  2 ball pythons
  4 bats (D:1)
  9 frilled lizards
  A leopard gecko skeleton (D:4)
  2 quokka skeletons
  A quokka zombie (D:6)
  9 rats
173 creatures vanquished.

Vanquished Creatures (others)
  An ogre (D:7)
  An orc priest (D:7)
  An orc wizard (D:7)
  2 orcs (D:7)
5 creatures vanquished.

Grand Total: 178 creatures vanquished

Notes
Turn   | Place    | Note
-------+----------+-------------------------------------------
     0 | D:1      | Yuikono the Hill Orc Monk began the quest for the Orb.
     0 | D:1      | Reached XP level 1. HP: 19/19 MP: 1/1
    79 | D:1      | Reached XP level 2. HP: 24/27 MP: 2/2
   222 | D:1      | Reached XP level 3. HP: 15/34 MP: 3/3
   788 | D:2      | Reached skill level 5 in Axes
  1321 | D:2      | Reached XP level 4. HP: 33/41 MP: 4/4
  1451 | D:2      | Reached skill level 5 in Fighting
  1469 | D:2      | Noticed Robin
  1487 | D:2      | Killed Robin
  1501 | D:2      | Reached XP level 5. HP: 31/48 MP: 5/5
  1675 | D:2      | Found an ancient bone altar of Kikubaaqudgha.
  2553 | D:3      | Reached skill level 6 in Axes
  2595 | D:3      | Found a shattered altar of Ashenzari.
  2968 | D:3      | Found an ornate altar of the Wu Jian Council.
  3221 | D:3      | Found a glowing golden altar of the Shining One.
  3367 | D:4      | Reached XP level 6. HP: 37/57 MP: 6/6
  3618 | D:4      | Reached skill level 7 in Axes
  3662 | D:4      | Found a staircase to the Ecumenical Temple.
  3716 | D:4      | Reached XP level 7. HP: 29/66 MP: 7/7
  3843 | D:4      | Found a glowing drain.
  3851 | Sewer    | Entered a sewer
  4147 | Sewer    | Reached skill level 8 in Axes
  4695 | D:4      | Found a glowing silver altar of Zin.
  5166 | D:5      | Entered Level 5 of the Dungeon
  5232 | D:5      | Reached skill level 1 in Armour
  5232 | D:5      | Reached skill level 1 in Spellcasting
  5385 | D:5      | Found an opulent altar of Gozag.
  5389 | D:5      | Found a sacrificial altar of Ru.
  5427 | D:5      | Found Monotop's General Store.
  5435 | D:5      | Bought 2 scrolls of enchant weapon for 180 gold pieces
  5435 | D:5      | Bought a scroll of blinking for 90 gold pieces
  5726 | D:5      | Reached XP level 8. HP: 49/73 MP: 9/11
  5938 | D:5      | Reached skill level 9 in Axes
  6536 | D:6      | Found a hide-covered altar of Uskayaw.
  6633 | D:5      | Found a snail-covered altar of Cheibriados.
  7333 | D:6      | Reached skill level 10 in Axes
  7437 | D:6      | Reached skill level 5 in Armour
  7750 | D:6      | Reached XP level 9. HP: 58/79 MP: 13/13
  7908 | D:6      | Found a basalt altar of Yredelemnul.
  8092 | D:6      | Found a deep blue altar of Sif Muna.
  8606 | D:7      | Became a worshipper of Beogh the Brigand
  8606 | D:7      | Reached * piety under Beogh
  8606 | D:7      | Reached ** piety under Beogh
  8616 | D:7      | Reached skill level 11 in Axes
  9655 | D:7      | Reached skill level 1 in Invocations
  9919 | D:7      | Noticed Prince Ribbit
  9946 | D:7      | Killed Prince Ribbit
  9946 | D:7      | Reached skill level 12 in Axes
 10661 | D:8      | Noticed Pikel
 10681 | D:7      | Splashed by Pikel's acid

Skill      XL: |  1  2  3  4  5  6  7  8  9 |
---------------+----------------------------+-----
Fighting       | 4 5 6 7 |  7.5
Axes           | 5 6 7 8 10 12 | 12.2
Armour         | 2 5 7 |  7.2
Spellcasting   | 2 3 |  3.3
Invocations    | 3 |  3.4
Dodging        | |  2.4
Stealth        | |  1.5

Action                   |  1- 3 |  4- 6 |  7- 9 || total
-------------------------+-------+-------+-------++-------
Melee: Hand axe          |   122 |   221 |   711 ||  1054
Throw: Stone             |    10 |     3 |    14 ||    27
Invok: Smiting           |       |       |     3 ||     3
       Convert to Beogh  |       |       |     1 ||     1
  Use: Scroll            |       |     1 |    16 ||    17
       Potion            |       |     1 |     6 ||     7
 Stab: Sleeping          |     5 |     2 |     2 ||     9
       Distracted        |       |       |     1 ||     1
  Eat: Chunk             |     1 |     8 |    14 ||    23
       Ration            |       |       |     4 ||     4
Armor: Robe              |    12 |    15 |       ||    27
       Scale mail        |       |    64 |   302 ||   366
Dodge: Dodged            |    82 |   133 |   332 ||   547
